MID
ATLANTA (MID) BRAVES @ AUGUSTA GREENJACKETS
08/20/2048
 
TOP OF THE 1ST
Atlanta (MID) Braves batting - Pitching for Augusta GreenJackets : LHP Matt DeGrado
Pitching: LHP Matt DeGrado
Batting: RHB Toki Takeuchi 0-0: Ball
1-0: Bunt missed!
1-1: Ball
2-1: Ball
3-1: Base on Balls
Batting: RHB Phil Holman 0-0: Ball
Toki Takeuchi steals 2nd base (no throw)
1-0: Foul Ball, location: 2F
1-1: Ball
2-1: Ball
3-1: Base on Balls
Batting: RHB Josh McCormick 0-0: Ball
1-0: Ball
2-0: Called Strike
Toki Takeuchi is caught stealing 3rd base 2-5
Phil Holman to second
2-1: Foul Ball, location: 2F
2-2: Foul Ball, location: 2F
2-2: 2-RUN HOME RUN (Flyball, 7D, EV 95.6 MPH), Distance : 372 ft
Batting: LHB Oke Monti 0-0: Ball
1-0: Swinging Strike
1-1: Fly out, F9 (Flyball, 9D, EV 97.5 MPH)
Batting: RHB Terry Hughes 0-0: Ball
1-0: Ball
2-0: Called Strike
2-1: Ball
3-1: Swinging Strike
3-2: Foul Ball, location: 2F
3-2: Base on Balls
Batting: LHB Ryan Murdock 0-0: Ball
1-0: Fly out, F5 (Popup, 5S, EV 70.6 MPH)
Top of the 1st over - 2 runs, 1 hit, 0 errors, 1 left on base; Atlanta (MID) 2 - Augusta 0
BOTTOM OF THE 1ST
Augusta GreenJackets batting - Pitching for Atlanta (MID) Braves : LHP Carlos Salcido
Pitching: LHP Carlos Salcido
Batting: LHB Joe Hoover 0-0: Ground out U3 (Groundball, 34, EV 81.2 MPH)
Batting: RHB Tony Harper 0-0: Ball
1-0: Called Strike
1-1: Foul Ball, location: 2F
1-2: Foul Ball, location: 2F
1-2: Ball
2-2: Foul Ball, location: 2F
2-2: Fly out, F8 (Flyball, 8LXD, EV 105.6 MPH)
Batting: RHB Zach Maguire 0-0: Ball
1-0: Swinging Strike
1-1: Swinging Strike
1-2: Foul Ball, location: 2F
1-2: Strikes out swinging
Bottom of the 1st over - 0 runs, 0 hits, 0 errors, 0 left on base; Atlanta (MID) 2 - Augusta 0
TOP OF THE 2ND
Atlanta (MID) Braves batting - Pitching for Augusta GreenJackets : LHP Matt DeGrado
Batting: SHB Richello Badua 0-0: Ball
1-0: Called Strike
1-1: Foul Ball, location: 2F
1-2: Ball
2-2: Hit by Pitch
Batting: RHB Badr al Din Ridha 0-0: Ball
1-0: Called Strike
Richello Badua is caught stealing 2nd base 2-4
1-1: SOLO HOME RUN (Flyball, 9D, EV 98.8 MPH), Distance : 388 ft
Batting: LHB Malik Boulay 0-0: Called Strike
0-1: Fly out, F5 (Popup, 5F, EV 75.6 MPH)
Batting: RHB Toki Takeuchi 0-0: Ground out 4-3 (Groundball, 4, EV 109.4 MPH)
Top of the 2nd over - 1 run, 1 hit, 0 errors, 0 left on base; Atlanta (MID) 3 - Augusta 0
BOTTOM OF THE 2ND
Augusta GreenJackets batting - Pitching for Atlanta (MID) Braves : LHP Carlos Salcido
Batting: LHB Steve Nevis 0-0: Ball
1-0: DOUBLE (Flyball, 7LD, EV 110.0 MPH)
Batting: RHB Dave Perron 0-0: Ground out 5-3 (Groundball, 56, EV 108.8 MPH)
Batting: LHB Chris West 0-0: Hit by Pitch
Batting: RHB Jaime Rios 0-0: Ball
1-0: Ball
Passed Ball!
Steve Nevis to third
Chris West to second
2-0: Ball
3-0: Called Strike
3-1: Base on Balls
Batting: RHB Gary Sampson 0-0: Called Strike
0-1: Ball
1-1: Swinging Strike
1-2: Ball
2-2: DOUBLE (Line Drive, 7LM, EV 106.9 MPH)
Steve Nevis scores
Chris West scores
Jaime Rios to third
Batting: RHB Ruben Irizarry 0-0: Ball
1-0: Swinging Strike
1-1: DOUBLE (Groundball, 3L, EV 105.6 MPH)
Jaime Rios scores
Gary Sampson scores
Batting: LHB Joe Hoover 0-0: Hit by Pitch
Batting: RHB Tony Harper 0-0: Reached on error, E5 (Groundball, 56, EV 83.1 MPH)
Ruben Irizarry to third
Joe Hoover to second
Batting: RHB Zach Maguire 0-0: Ball
1-0: Foul Ball, location: 2F
1-1: Ball
2-1: Ball
3-1: Base on Balls
Ruben Irizarry scores
Joe Hoover to third
Tony Harper to second
Batting: LHB Steve Nevis 0-0: Ball
1-0: TRIPLE (Flyball, 89XD, EV 88.8 MPH)
Joe Hoover scores
Tony Harper scores
Zach Maguire scores
Pitching: LHP Aaron Manees
Batting: RHB Dave Perron 0-0: Ball
1-0: Ball
2-0: Called Strike
2-1: SINGLE (Flyball, 4MD, EV 88.8 MPH)
Steve Nevis scores
Batting: LHB Chris West 0-0: Ball
1-0: Fielders Choice at 2nd, 4-6 (Groundball, 4, EV 83.8 MPH)
Batting: RHB Jaime Rios 0-0: Foul Ball, location: 2F
0-1: Ball
1-1: Ball
2-1: Foul Ball, location: 2F
2-2: Strikes out looking
Bottom of the 2nd over - 9 runs, 5 hits, 1 error, 1 left on base; Atlanta (MID) 3 - Augusta 9
TOP OF THE 3RD
Atlanta (MID) Braves batting - Pitching for Augusta GreenJackets : LHP Matt DeGrado
Batting: RHB Phil Holman 0-0: Foul Ball, location: 2F
0-1: Swinging Strike
0-2: Strikes out swinging
Batting: RHB Josh McCormick 0-0: Ground out 6-3 (Groundball, 6, EV 83.8 MPH)
Batting: LHB Oke Monti 0-0: Ball
1-0: Ball
2-0: Ground out 4-3 (Groundball, 4, EV 86.2 MPH)
Top of the 3rd over - 0 runs, 0 hits, 0 errors, 0 left on base; Atlanta (MID) 3 - Augusta 9
BOTTOM OF THE 3RD
Augusta GreenJackets batting - Pitching for Atlanta (MID) Braves : LHP Aaron Manees
Batting: RHB Gary Sampson 0-0: Ball
1-0: Foul Ball, location: 2F
1-1: Foul Ball, location: 2F
1-2: Foul Ball, location: 2F
1-2: Ball
2-2: Ball
3-2: Ground out 6-3 (Groundball, 56, EV 82.5 MPH)
Batting: RHB Ruben Irizarry 0-0: Called Strike
0-1: Called Strike
0-2: Ground out U3 (Groundball, 3, EV 87.5 MPH)
Batting: LHB Joe Hoover 0-0: Swinging Strike
0-1: Ball
1-1: Fly out, F9 (Flyball, 89S, EV 92.5 MPH)
Bottom of the 3rd over - 0 runs, 0 hits, 0 errors, 0 left on base; Atlanta (MID) 3 - Augusta 9
TOP OF THE 4TH
Atlanta (MID) Braves batting - Pitching for Augusta GreenJackets : LHP Matt DeGrado
Batting: RHB Terry Hughes 0-0: Ball
1-0: Ball
2-0: Foul Ball, location: 2F
2-1: Fly out, F7 (Line Drive, 7D, EV 94.4 MPH)
Batting: LHB Ryan Murdock 0-0: Ground out 4-3 (Groundball, 4, EV 81.2 MPH)
Batting: SHB Richello Badua 0-0: Ball
1-0: SINGLE (Groundball, 6MD, EV 99.4 MPH)
Batting: RHB Badr al Din Ridha 0-0: Ball
1-0: Ball
2-0: SINGLE (Groundball, 34D, EV 100.0 MPH)
Richello Badua to second
Runner from 2nd tries for 3rd, SAFE, no throw by RF
Batting: LHB Malik Boulay 0-0: Fly out, F6 (Popup, 56D, EV 56.2 MPH)
Top of the 4th over - 0 runs, 2 hits, 0 errors, 2 left on base; Atlanta (MID) 3 - Augusta 9
BOTTOM OF THE 4TH
Augusta GreenJackets batting - Pitching for Atlanta (MID) Braves : LHP Aaron Manees
Batting: RHB Tony Harper 0-0: Foul Ball, location: 2F
0-1: Called Strike
0-2: Foul Ball, location: 2F
0-2: Foul Ball, location: 2F
0-2: Strikes out swinging, 2-3 out at first.
Batting: RHB Zach Maguire 0-0: Ground out 3-1 (Groundball, 34S, EV 85.0 MPH)
Batting: LHB Steve Nevis 0-0: Ball
1-0: Ball
2-0: Called Strike
2-1: Foul Ball, location: 2F
2-2: Ball
3-2: Strikes out swinging
Bottom of the 4th over - 0 runs, 0 hits, 0 errors, 0 left on base; Atlanta (MID) 3 - Augusta 9
TOP OF THE 5TH
Atlanta (MID) Braves batting - Pitching for Augusta GreenJackets : LHP Matt DeGrado
Batting: RHB Toki Takeuchi 0-0: Called Strike
0-1: Swinging Strike
0-2: Strikes out swinging
Batting: RHB Phil Holman 0-0: Ground out U3 (Groundball, 23, EV 83.1 MPH)
Batting: RHB Josh McCormick 0-0: Ball
1-0: Foul Ball, location: 2F
1-1: Swinging Strike
1-2: Foul Ball, location: 2F
1-2: SINGLE (Line Drive, 7LM, EV 100.6 MPH)
Batting: LHB Oke Monti 0-0: Foul Ball, location: 2F
0-1: Ball
1-1: Ball
2-1: Ball
3-1: Foul Ball, location: 2F
3-2: Fly out, F7 (Line Drive, 7, EV 91.2 MPH)
Top of the 5th over - 0 runs, 1 hit, 0 errors, 1 left on base; Atlanta (MID) 3 - Augusta 9
BOTTOM OF THE 5TH
Augusta GreenJackets batting - Pitching for Atlanta (MID) Braves : LHP Aaron Manees
Batting: RHB Dave Perron 0-0: Called Strike
0-1: Swinging Strike
0-2: Ball
1-2: Foul Ball, location: 2F
1-2: Ball
2-2: Ball
3-2: Foul Ball, location: 2F
3-2: DOUBLE (Line Drive, 3D, EV 104.4 MPH)
Batting: LHB Chris West 0-0: Called Strike
0-1: SINGLE (Groundball, 4D, EV 96.9 MPH)
Dave Perron to third
Batting: RHB Jaime Rios 0-0: Fly out, F8 (Flyball, 8RXD, EV 101.2 MPH)
Runner from 3rd tags up, SCORES, no throw by CF
Batting: RHB Gary Sampson 0-0: Called Strike
0-1: Called Strike
0-2: Fielders Choice at 2nd, 5-4 (Groundball, 56, EV 101.2 MPH)
Batting: RHB Ruben Irizarry 0-0: Swinging Strike
0-1: Ball
1-1: Foul Ball, location: 2F
1-2: Strikes out swinging
Bottom of the 5th over - 1 run, 2 hits, 0 errors, 1 left on base; Atlanta (MID) 3 - Augusta 10
TOP OF THE 6TH
Atlanta (MID) Braves batting - Pitching for Augusta GreenJackets : LHP Matt DeGrado
Pitching: RHP Chance Robinson
Batting: RHB Terry Hughes 0-0: Foul Ball, location: 2F
0-1: Ball
1-1: Foul Ball, location: 2F
1-2: Foul Ball, location: 2F
1-2: Foul Ball, location: 2F
1-2: Ball
2-2: DOUBLE (Line Drive, 5D, EV 104.4 MPH)
Batting: LHB Ryan Murdock 0-0: Ball
1-0: Ground out U3 (Groundball, 3, EV 78.8 MPH)
Terry Hughes to third
Batting: SHB Richello Badua 0-0: Called Strike
0-1: Ball
1-1: DOUBLE (Line Drive, 3D, EV 93.8 MPH)
Terry Hughes scores
Batting: RHB Badr al Din Ridha 0-0: Ground out U3 (Groundball, 3L, EV 103.1 MPH)
Richello Badua to third
Batting: LHB Malik Boulay 0-0: Ball
1-0: Ball
2-0: Called Strike
2-1: Called Strike
2-2: Ball
3-2: Strikes out looking
Top of the 6th over - 1 run, 2 hits, 0 errors, 1 left on base; Atlanta (MID) 4 - Augusta 10
BOTTOM OF THE 6TH
Augusta GreenJackets batting - Pitching for Atlanta (MID) Braves : LHP Aaron Manees
Pitching: RHP Justin Collins
Batting: LHB Joe Hoover 0-0: Ball
1-0: Ground out 4-3 (Groundball, 4S, EV 68.1 MPH)
Batting: RHB Tony Harper 0-0: Ground out 6-3 (Groundball, 6, EV 76.2 MPH)
Batting: RHB Zach Maguire 0-0: Called Strike
0-1: Ball
1-1: Swinging Strike
1-2: Strikes out swinging
Bottom of the 6th over - 0 runs, 0 hits, 0 errors, 0 left on base; Atlanta (MID) 4 - Augusta 10
TOP OF THE 7TH
Atlanta (MID) Braves batting - Pitching for Augusta GreenJackets : RHP Chance Robinson
Batting: RHB Toki Takeuchi 0-0: Swinging Strike
0-1: Called Strike
0-2: SINGLE (Groundball, 6MD, EV 100.6 MPH)
Pitching: RHP Sam Drews
Batting: RHB Phil Holman 0-0: Called Strike
0-1: Ball
1-1: Swinging Strike
1-2: Strikes out looking
Batting: RHB Josh McCormick 0-0: Ball
Toki Takeuchi steals 2nd base
1-0: Foul Ball, location: 2F
1-1: Foul Ball, location: 2F
1-2: Foul Ball, location: 2F
1-2: Foul Ball, location: 2F
1-2: Foul Ball, location: 2F
1-2: Ball
2-2: Ball
3-2: Strikes out looking
Batting: LHB Oke Monti 0-0: Ball
1-0: Ball
2-0: Called Strike
2-1: Foul Ball, location: 2F
2-2: Foul Ball, location: 2F
2-2: Ground out 3-1 (Groundball, 34, EV 78.8 MPH)
Top of the 7th over - 0 runs, 1 hit, 0 errors, 1 left on base; Atlanta (MID) 4 - Augusta 10
BOTTOM OF THE 7TH
Augusta GreenJackets batting - Pitching for Atlanta (MID) Braves : RHP Justin Collins
Batting: LHB Steve Nevis 0-0: SINGLE (Groundball, 3D, EV 98.1 MPH)
Batting: RHB Dave Perron 0-0: Ball
1-0: Ball
2-0: Called Strike
2-1: Ball
3-1: Called Strike
3-2: Strikes out swinging
Batting: LHB Chris West 0-0: Ball
1-0: Foul Ball, location: 2F
1-1: Foul Ball, location: 2F
1-2: Strikes out swinging
Batting: RHB Jaime Rios 0-0: Swinging Strike
0-1: Ball
1-1: Ball
2-1: Ball
3-1: Foul Ball, location: 2F
3-2: Strikes out looking
Bottom of the 7th over - 0 runs, 1 hit, 0 errors, 1 left on base; Atlanta (MID) 4 - Augusta 10
TOP OF THE 8TH
Atlanta (MID) Braves batting - Pitching for Augusta GreenJackets : RHP Sam Drews
Batting: RHB Terry Hughes 0-0: Ball
1-0: Foul Ball, location: 2F
1-1: Foul Ball, location: 2F
1-2: Ball
2-2: Ball
3-2: Base on Balls
Batting: LHB Ryan Murdock 0-0: Fly out, F3 (Line Drive, 3, EV 72.5 MPH)
Lined into DP, U3 (Line Drive, 3, EV 68.1 MPH)
Batting: SHB Richello Badua 0-0: Foul Ball, location: 2F
0-1: Swinging Strike
0-2: Ball
1-2: Strikes out swinging
Top of the 8th over - 0 runs, 0 hits, 0 errors, 0 left on base; Atlanta (MID) 4 - Augusta 10
BOTTOM OF THE 8TH
Augusta GreenJackets batting - Pitching for Atlanta (MID) Braves : RHP Justin Collins
Batting: RHB Gary Sampson 0-0: Ball
1-0: Called Strike
1-1: Reached on error, E4 (Groundball, 4, EV 84.4 MPH)
Batting: RHB Ruben Irizarry 0-0: Swinging Strike
0-1: Ball
1-1: Foul Ball, location: 2F
1-2: Foul Ball, location: 2F
1-2: Ball
2-2: Fly out, F6 (Line Drive, 6, EV 72.5 MPH)
Batting: LHB Joe Hoover 0-0: Ball
Gary Sampson steals 2nd base
1-0: Foul Ball, location: 2F
1-1: Fly out, F7 (Line Drive, 7, EV 102.5 MPH)
Batting: RHB Tony Harper 0-0: Called Strike
0-1: Ball
Wild Pitch!
Gary Sampson to third
1-1: Ground out 6-3 (Groundball, 6, EV 80.6 MPH)
Bottom of the 8th over - 0 runs, 0 hits, 1 error, 1 left on base; Atlanta (MID) 4 - Augusta 10
TOP OF THE 9TH
Atlanta (MID) Braves batting - Pitching for Augusta GreenJackets : RHP Sam Drews
Batting: RHB Badr al Din Ridha 0-0: DOUBLE (Flyball, 8LD, EV 92.5 MPH)
Batting: LHB Malik Boulay 0-0: Ball
1-0: Ball
2-0: Called Strike
2-1: Ball
3-1: Called Strike
3-2: SINGLE (Groundball, 6MD, EV 105.6 MPH) (infield hit)
Badr al Din Ridha to third
Batting: RHB Toki Takeuchi 0-0: Ball
1-0: Swinging Strike
1-1: Ball
2-1: Swinging Strike
2-2: Strikes out swinging
Pitching: RHP Mike Flynn
Pinch Hitting: LHB Andres Aldape 0-0: Ball
1-0: Called Strike
1-1: Swinging Strike
1-2: Foul Ball, location: 2F
1-2: Hit by Pitch
Malik Boulay to second
Batting: RHB Josh McCormick 0-0: Called Strike
0-1: Ball
1-1: Ball
2-1: Ball
3-1: Called Strike
3-2: Foul Ball, location: 2F
3-2: Strikes out swinging
Batting: LHB Oke Monti 0-0: Ball
1-0: Foul Ball, location: 2F
1-1: Ball
2-1: Called Strike
2-2: Foul Ball, location: 2F
2-2: SINGLE (Flyball, 56D, EV 92.5 MPH)
Badr al Din Ridha scores
Malik Boulay to third
Andres Aldape to second
Batting: RHB Terry Hughes 0-0: SINGLE (Groundball, 4D, EV 103.8 MPH)
Malik Boulay scores
Andres Aldape to third
Oke Monti to second
Pitching: RHP Harry Dickson
Batting: LHB Ryan Murdock 0-0: Ball
1-0: Called Strike
1-1: Swinging Strike
1-2: Foul Ball, location: 2F
1-2: Ball
2-2: Strikes out swinging
Top of the 9th over - 2 runs, 4 hits, 0 errors, 3 left on base; Atlanta (MID) 6 - Augusta 10
Tuesday, March 28th , 2023 - OOTP Baseball 23.10 Build 110